 Dungeon Crawl Stone Soup version 0.32-a0-132-g2d33c3cfaf (webtiles) character file.

Game seed: 6561696400036538044

11 Bravepunisher the Ducker (level 2, -4/16 HPs)
             Began as a Spriggan Monk on Feb 9, 2024.
             Slain by a river rat (7 damage)
             ... on level 3 of the Dungeon.
             The game lasted 00:01:22 (315 turns).

Bravepunisher the Ducker (Spriggan Monk)             Turns: 315, Time: 00:01:23

Health: -4/16      AC:  2    Str: 19    XL:     2   Next: 13%
Magic:  3/3        EV: 19    Int:  9    God:
Gold:   81         SH:  0    Dex: 19    Spells: 1/1 levels left

rFire   + . .        d - staff of Lust {rF+ rN+ Str+6 Int-2 Dex+2 Necro Alchemy}
rCold   . . .        (shield currently unavailable)
rNeg    + . .        b - +0 robe
rPois   .            (helmet restricted)
rElec   .            (no cloak)
rCorr   .            (gloves unavailable)
SInv    +            (boots unavailable)
Will    .....        (no amulet)
Stlth   +            f - +6 ring of strength
HPRegen 0.22/turn    (no ring)
MPRegen 0.08/turn

%: no passive effects
@: slow
A: very small, no large weapons, unfitting armour, see invisible, speed 3
a: no special abilities


You were on level 3 of the Dungeon.
You visited 1 branch of the dungeon, and saw 3 of its levels.

You collected 81 gold pieces.

Inventory:

Hand Weapons
 a - a +0 short sword
Armour
 b - a +0 robe (worn)
Magical Staves
 d - the staff of Lust (weapon) {rF+ rN+ Str+6 Int-2 Dex+2 Necro Alchemy}
   (You found it on level 2 of the Dungeon)

   [staff of death]

   Base accuracy: +5 Base damage: 5 Base attack delay: 1.2 This weapon's minimum
   attack delay (0.6) is reached at skill level 12.
   Str+6:     It affects your strength (+6).
   Int-2:     It affects your intelligence (-2).
   Dex+2:     It affects your dexterity (+2).
   rF+:       It protects you from fire.
   rN+:       It protects you from negative energy.
   Necro:     It increases the power of your Necromancy spells.
   Alchemy:   It increases the power of your Alchemy spells.
   It falls into the 'Staves' category.
   It is a two-handed weapon.
Jewellery
 f - a +6 ring of strength (left hand)
Scrolls
 e - a scroll of enchant weapon {unknown}
Potions
 c - a potion of ambrosia
 g - a potion of attraction {unknown}
 h - 2 potions of brilliance {unknown}


   Skills:
 + Level 2.6 Fighting
 - Level 3.2 Short Blades
 * Level 4.6 Dodging


You had one spell level left.
You didn't know any spells.
Your spell library was empty.

Dungeon Overview and Level Annotations

Branches:
Dungeon (3/15)

Altars:


Innate Abilities, Weirdness & Mutations

You are very small and have problems with some larger weapons.
You are too small for most types of armour.
You have supernaturally acute eyesight. (SInv)
You cover ground extremely quickly. (Speed+++)


Message History

The river rat is heavily wounded.
The river rat misses you.
You hit the river rat but do no damage.
The river rat is heavily wounded.
The river rat misses you. The river rat bites you!
Ouch! That really hurt!
You hit the river rat but do no damage.
The river rat is heavily wounded.
The river rat closely misses you.
You barely miss the river rat.
The river rat is heavily wounded.
The river rat misses you.
Your unstable footing causes you to fumble your attack.
The river rat closely misses you.
You barely miss the river rat.
The river rat is heavily wounded.
The river rat bites you.
A rat comes into view.
The rat squeaks loudly.
You hit the river rat.
The river rat is severely wounded.
The river rat closely misses you. The river rat barely misses you.
Your unstable footing causes you to fumble your attack.
The river rat closely misses you.
Your unstable footing causes you to fumble your attack.
The river rat barely misses you.
You hit the river rat but do no damage.
The river rat is severely wounded.
The river rat closely misses you.
You hit the river rat but do no damage.
The river rat is severely wounded.
The river rat bites you.
You hit the river rat but do no damage.
The river rat is severely wounded.
The river rat closely misses you. The river rat bites you.
* * * LOW HITPOINT WARNING * * *
You hit the river rat but do no damage.
The river rat is severely wounded.
The river rat bites you!
You die...

#.........# #....##.#.........
#.........##.....##....##)###.
############.......##.......#
<.....#. #...#.#.#
##########...#.###
##~†~~~~.~#.....#
#~########...####
#~##~~.~~##....#
#~#@#####~#...## #~#r# #~#(..#
#~#r# #~#...# #~#~~ #~#...#
#~#######~#..#.
##~.~~~..##..#.. #########


You could see a river rat and a rat.

Vanquished Creatures
  A bat (D:2)
  2 giant cockroaches (D:3)
  A goblin (D:3)
  A hobgoblin (D:3)
  A quokka (D:3)
  A ball python (D:2)
  A frilled lizard (D:3)
  2 rats (D:3)
10 creatures vanquished.

Notes
Turn   | Place    | Note
-------+----------+-------------------------------------------
     0 | D:1      | Bravepunisher the Spriggan Monk began the quest for the
                  | Orb.
     0 | D:1      | Reached XP level 1. HP: 11/11 MP: 2/2
    42 | D:2      | Identified the staff of Lust {rF+ rN+ Str+6 Int-2 Dex+2
                  | Necro Alchemy}
   115 | D:3      | Found a faded altar of an unknown god.
   259 | D:3      | Reached XP level 2. HP: 14/16 MP: 3/3
   315 | D:3      | Slain by a river rat

Illustrated notes

Levels and vault maps discovered:
D:1:      dpeg_arrival_fog, layout_loops_ring, amcnicky_mini_corridor_feature,
          minmay_liquid_box, minivault_4, serial_bayou_lagoon_a
D:2:      minmay_door_path, layout_basic, minmay_hexomino_f4, uniq_jessica,
          uniq_robin, uniq_crazy_yiuf_cottage
D:3:      layout_basic, gup_sewer_entry_spiral, basic_ecumenical_altar,
          wander_ebering_terrifying_dragon_lair

Action                     || total
---------------------------++-------
  Melee: Staff             ||    44
         Short sword       ||     5
   Stab: Sleeping          ||     1
 Armour: Robe              ||    13
  Dodge: Dodged            ||    41

Table legend: (Time is in decaauts)
 A = Elapsed time spent in this place.
 B = Non-inter-level travel time spent in this place.
 C = Inter-level travel time spent in this place.
 D = Time resting spent in this place.
 E = Time spent auto-exploring this place.
 F = Levels seen in this place.
 G = Mean time per level.
                   A        B        C        D        E       F      G
               +--------+--------+--------+--------+--------+-----+--------+
         Total |    240 |    240 |      0 |      0 |    102 |   3 |   80.0 |
       Dungeon |    240 |    240 |      0 |      0 |    102 |   3 |   80.0 |
               +--------+--------+--------+--------+--------+-----+--------+

Top non-repeatable levels by time:
     D:3: 196 daAuts
     D:2: 36 daAuts
     D:1: 7 daAuts
